 Dungeon Crawl Stone Soup version 0.20-a0-689-g860b9ab (webtiles) character file.

133 zhorgal the Skirmisher (level 4, -10/41 HPs)
             Began as a Minotaur Fighter on Feb 19, 2017.
             Mangled by graki42's ghost (20 damage)
             ... on level 4 of the Dungeon.
             The game lasted 00:06:52 (2291 turns).

zhorgal the Skirmisher (Minotaur Fighter)           Turns: 2291, Time: 00:06:53

Health: -10/41     AC:  7    Str: 22    XL:     4   Next: 94%
Magic:  3/3        EV:  7    Int:  5    God:
Gold:   136        SH:  9    Dex:  9    Spells: 3/3 levels left

rFire    . . .     SeeInvis .   a - +0 flail
rCold    . . .     Gourm    .   b - +0 scale mail
rNeg     . . .     Faith    .   c - +0 shield
rPois    .         Spirit   .   w - +0 hat
rElec    .         Reflect  .   (no cloak)
rCorr    .         Harm     .   (no gloves)
MR       .....                  (no boots)
Stlth    ..........             (no amulet)
Regen    0.2/turn               (no ring)
MPRegen  0.1/turn               (no ring)

@: no status effects
A: retaliatory headbutt, horns 2
a: no special abilities


You were on level 4 of the Dungeon.
You were not hungry.

You visited 1 branch of the dungeon, and saw 4 of its levels.

You collected 136 gold pieces.

Inventory:

Hand Weapons
 a - a +0 flail (weapon)
 m - a +3 whip of venom
 q - a +1 dagger of speed
Missiles
 e - 99 arrows
 n - 109 stones (quivered)
 p - 16 sling bullets
Armour
 b - a +0 scale mail (worn)
 c - a +0 shield (worn)
 w - a +0 hat (worn)
Wands
 t - a wand of digging (10/24)
Scrolls
 i - 2 scrolls of enchant armour {unknown}
 j - 4 scrolls of remove curse {unknown}
 r - a scroll of teleportation {unknown}
 s - a scroll of amnesia {unknown}
 v - a scroll of magic mapping {unknown}
Potions
 d - 2 potions of might
 k - a potion of heal wounds {unknown}
 l - a potion of haste {unknown}
 u - 2 potions of magic {unknown}
 x - a potion of curing {unknown}
 z - a potion of agility {unknown}
 A - 2 potions of brilliance {unknown}
 B - a potion of resistance {unknown}
Books
 y - a book of Callings

   Spells                             Type                      Level
   a - Summon Small Mammal            Summoning                    1
   b - Call Imp                       Summoning                    2
   c - Call Canine Familiar           Summoning                    3
   d - Summon Guardian Golem          Hexes/Summoning              3
   e - Summon Lightning Spire         Summoning/Air                4
   f - Summon Ice Beast               Ice/Summoning                4
Comestibles
 f - 7 bread rations
 g - a fruit
 h - 3 chunks of flesh
 o - 2 royal jellies
 C - a meat ration


   Skills:
 + Level 4.5 Fighting
 * Level 4.2 Maces & Flails
 + Level 4.3 Armour
 + Level 4.5 Shields


You had 3 spell levels left.
You didn't know any spells.

Dungeon Overview and Level Annotations

Branches:
Dungeon (4/15)
 Temple: D:4-7

Altars:
Dithmenos

Annotations:
D:4 graki42's ghost, amateur DEFE


Innate Abilities, Weirdness & Mutations

You reflexively headbutt those who attack you in melee.
You have a pair of horns on your head.


Message History

You see here a bread ration.
f - 7 bread rations (gained 1)
You closely miss graki42's ghost. You block graki42's ghost's attack.
Graki42's ghost hits you but does no damage.
You hit graki42's ghost.
Graki42's ghost is lightly damaged.
Graki42's ghost hits you but does no damage.
You are electrocuted!
You miss graki42's ghost. Your headbutt misses graki42's ghost.
Graki42's ghost is lightly damaged.
Graki42's ghost hits you but does no damage.
Your scale mail prevents you from hitting graki42's ghost.
You headbutt graki42's ghost!
Graki42's ghost is heavily damaged.
Graki42's ghost gestures at you while chanting.
The flame tongue hits you!
* * * LOW HITPOINT WARNING * * *
Graki42's ghost hits you but does no damage.
You are electrocuted!
You die...

#######.## #.#
#### #######.#
.##... #.......#
..... +.......#
##..(###.......#
#..........<...#
#[....W........#
#.....@........#
#....[.....[...#
#.......########
#########


You could see graki42's ghost.

Vanquished Creatures
  6 adders
  3 worms
  A leopard gecko (D:2)
  2 orcs (D:3)
  A ball python (D:1)
  7 bats
  3 giant cockroaches
  12 goblins
  9 hobgoblins
  4 jackals (D:1)
  2 quokkas
  6 frilled lizards
  4 kobolds
  7 rats
67 creatures vanquished.

Notes
Turn   | Place    | Note
-------+----------+-------------------------------------------
     0 | D:1      | zhorgal the Minotaur Fighter began the quest for the Orb.
     0 | D:1      | Reached XP level 1. HP: 19/19 MP: 0/0
    30 | D:1      | HP: 1/20 [jackal (3)]
   343 | D:1      | Reached XP level 2. HP: 27/27 MP: 1/1
   757 | D:2      | Found a shadowy altar of Dithmenos.
   817 | D:2      | Reached XP level 3. HP: 33/33 MP: 2/2
  1179 | D:2      | Reached XP level 4. HP: 35/41 MP: 3/3
  2283 | D:4      | Noticed graki42's ghost (amateur DEFE)
  2291 | D:4      | Mangled by graki42's ghost

Vault maps used:
D:1:      scummos_arrival_star
D:2:      grunt_dithmenos_smoke_and_mirrors
D:3:      first_bread, st_stairs_13
D:4:      lemuel_round_altar, uniq_edmund

Skill      XL: |  1  2  3  4 |
---------------+-------------+-----
Shields        | 4 |  4.5
Maces & Flails | 3 4 |  4.2
Fighting       | 4 |  4.5
Armour         | 4 |  4.3

Action                   |  1- 3 |  4- 6 || total
-------------------------+-------+-------++-------
Melee: Flail             |   115 |    63 ||   178
       Headbutt          |    17 |     9 ||    26
  Eat: Chunk             |     1 |     4 ||     5
Armor: Scale mail        |    70 |    23 ||    93
Dodge: Dodged            |    42 |     9 ||    51
Block: Shield            |    67 |    31 ||    98
